 Dungeon Sprint DCSS version 0.29-a0-925-g0a7a3d12f8 (webtiles) character file.

Game seed: 5889036667018144246

253 Hipnos the Cudgeller (level 5, -4/61 HPs)
             Began as a Troll Berserker on July 28, 2022.
             Was a Follower of Trog.
             Slain by a neqoxec (11 damage)
             ... in the Dungeon (Sprint II: "The Violet Keep of Menkaure").
             The game lasted 00:00:53 (41 turns).

Hipnos the Cudgeller (Troll Berserker)                Turns: 41, Time: 00:00:53

Health: -4/61      AC:  3    Str: 27    XL:     5   Next: 90%
Magic:  4/4        EV: 11    Int:  3    God:    Trog [*.....]
Gold:   0          SH:  0    Dex:  9    Spells: 4/4 levels left

rFire   . . .      SeeInvis .   a - +0 mace
rCold   . . .      Faith    .   (no shield)
rNeg    . . .      Spirit   .   b - +0 animal skin
rPois   .          Reflect  .   (helmet restricted)
rElec   .          Harm     .   (no cloak)
rCorr   .          Rampage  .   (gloves unavailable)
Will    .....      NoTele   +   (boots unavailable)
Stlth   +.........              (no amulet)
HPRegen 1.00/turn               (no ring)
MPRegen 0.09/turn               (no ring)

@: on berserk cooldown, slowed, lost intelligence, unable to read, very slow
A: large, unfitting armour, claws 3, regeneration 1, shaggy fur 1, tough skin 1,
deformed body, mutation resistance 1
a: Renounce Religion, Berserk


You were in the Dungeon.
You worshipped Trog.
Trog was aware of your devotion.
You visited 1 branch

Inventory:

Hand Weapons
 a - a +0 mace (weapon)
Armour
 b - a +0 animal skin (worn)
Scrolls
 h - a scroll of blinking
Potions
 e - a potion of haste
 f - 2 potions of magic
 g - a potion of berserk rage


   Skills:
 + Level 6.3 Fighting
 + Level 7.4 Maces & Flails
 + Level 6.1 Dodging


You had 4 spell levels left.
You didn't know any spells.
Your spell library was empty.

Dungeon Overview and Level Annotations

Branches:
Dungeon (1/1)

Altars:


Innate Abilities, Weirdness & Mutations

You are too large for most types of armour.
You have claws for hands.
Your natural rate of healing is unusually fast.
You are covered in fur. (AC +1)
You have tough skin. (AC +1)
Armour fits poorly on your strangely shaped body.
You are somewhat resistant to further mutation.


Message History

Something tries to feed on your intellect!
You hit the neqoxec but do no damage. The neqoxec barely misses you.
The neqoxec gestures at you.
Strange energies course through your body.
You feel odd for a moment.
You barely miss the neqoxec. The neqoxec hits you.
You closely miss the neqoxec. The neqoxec closely misses you.
The neqoxec hits you.
You sock the neqoxec!
The neqoxec is heavily wounded.
The neqoxec hits you.
You miss the neqoxec.
The neqoxec is moderately wounded.
The neqoxec closely misses you. x2
You sock the neqoxec!
The neqoxec is severely wounded.
The neqoxec gestures at you.
Something tries to feed on your intellect!
You hit the neqoxec but do no damage.
The neqoxec is severely wounded.
The neqoxec closely misses you. The neqoxec misses you.
You hit the neqoxec but do no damage.
The neqoxec is severely wounded.
The neqoxec barely misses you.
You barely miss the neqoxec.
The neqoxec is severely wounded.
The neqoxec hits you!
* * * LOW HITPOINT WARNING * * *
The neqoxec hits you.
* * * LOW HITPOINT WARNING * * *
You hit the neqoxec.
The neqoxec is almost dead.
The neqoxec hits you!
* * * LOW HITPOINT WARNING * * *
Okay, then.
Okay, then.
You closely miss the neqoxec.
The neqoxec is almost dead.
The neqoxec hits you!
You die...

# #+#
.#
##.##.#
+.<@3#
##.###
#+#


You could see a neqoxec.

Vanquished Creatures
  2 neqoxecs (D)
2 creatures vanquished.

Vanquished Creatures (others)
  A neqoxec (D)
  Menkaure (D)
2 creatures vanquished.

Grand Total: 4 creatures vanquished

Notes
Turn   | Place    | Note
-------+----------+-------------------------------------------
     0 | D        | Hipnos the Troll Berserker began the quest for the Orb.
     0 | D        | Reached XP level 1. HP: 22/22 MP: 0/0
     1 | D        | Noticed a neqoxec
     4 | D        | Noticed a neqoxec
     6 | D        | Noticed a neqoxec
     9 | D        | Killed a neqoxec
    10 | D        | Reached skill level 5 in Fighting
    10 | D        | Reached skill level 6 in Maces & Flails
    10 | D        | Reached skill level 5 in Dodging
    10 | D        | Reached XP level 2. HP: 11/35 MP: 1/1
    10 | D        | Reached XP level 3. HP: 14/42 MP: 2/2
    10 | D        | Reached XP level 4. HP: 16/50 MP: 3/3
    10 | D        | Lost intelligence.
    21 | D        | Gained mutation: Armour fits poorly on your strangely
                  | shaped body. [a neqoxec]
    25 | D        | Gained mutation: You are somewhat resistant to further
                  | mutation. [a neqoxec]
    27 | D        | Killed a neqoxec
    28 | D        | Reached skill level 7 in Maces & Flails
    28 | D        | Reached XP level 5. HP: 20/61 MP: 4/4
    36 | D        | Killed a neqoxec
    38 | D        | Killed Menkaure
    41 | D        | Slain by a neqoxec

Illustrated notes

Levels and vault maps discovered:
D:        the_violet_keep_of_menkaure [sprint2_stairs_cluster_1,
          sprint2_shoproom, sprint2_temple, sprint2_basic_supplies,
          sprint2_obstacle_4, sprint2_obstacle_7, sprint2_obstacle_6,
          sprint2_obstacle_2, sprint2_obstacle_3, sprint2_timed_cluster_1,
          sprint2_smallroom_cluster_1, sprint2_smallroom_final_cluster_1,
          sprint2_transparent_cluster_1, sprint2_second_timed_cluster_1,
          sprint2_sniper_area_1, sprint2_heavy_combat_area_1,
          sprint2_mutation_trap_area_1, sprint2_forest_area_1,
          sprint2_light_combat_area_1, sprint2_behind_water_1,
          sprint2_near_end_vault_1]

Skill      XL: |  1  2  3  4 |
---------------+-------------+-----
Fighting       | 5 6 |  6.3
Maces & Flails | 6 7 |  7.4
Dodging        | 5 6 |  6.1

Action                   |  1- 3 |  4- 6 || total
-------------------------+-------+-------++-------
Melee: Mace              |     7 |    27 ||    34
Invok: Berserk           |     1 |       ||     1
  Use: Potion            |       |     2 ||     2
Armor: Animal skin       |       |     4 ||     4
Dodge: Dodged            |       |    18 ||    18

Table legend: (Time is in decaauts)
 A = Elapsed time spent in this place.
 B = Non-inter-level travel time spent in this place.
 C = Inter-level travel time spent in this place.
 D = Time resting spent in this place.
 E = Time spent auto-exploring this place.
 F = Levels seen in this place.
 G = Mean time per level.
                   A        B        C        D        E       F      G
               +--------+--------+--------+--------+--------+-----+--------+
         Total |     55 |     55 |      0 |      0 |      0 |   1 |   55.0 |
       Dungeon |     55 |     55 |      0 |      0 |      0 |   1 |   55.0 |
               +--------+--------+--------+--------+--------+-----+--------+

Top non-repeatable levels by time:
       D: 55 daAuts
